Map: Dusk Towers

Players

Miszu

  • Race: Terran Terran
  • League: Grandmaster

FoRaWhiteGuy - Winner!

  • Race: Protoss Protoss
  • League: Grandmaster

VOD

Have the link to the VOD?

Description

Time

  • Played on: May 18, 2016, 2:17 p.m.
  • Length: 15:51
Show
View Real Time Build Order
Export as new Build Order

Miszu Terran 

Build Orders: MMM Bio 

Get SALT Encoding   

  12  0:00  SCV  
  13  0:13  SCV  
  14  0:18  Supply Depot  
  14  0:25  SCV  
  15  0:39  SCV  
  15  0:40  Barracks  
  16  0:43  Refinery  
  16  0:51  SCV  
  17  1:03  SCV  
  18  1:17  Command Center  
  18  1:20  SCV  
  19  1:33  Marine, Orbital Command  
  20  1:52  Marine  
  21  1:56  Barracks  
  21  2:05  SCV  
  22  2:08  Barracks  
  22  2:10  Marine  
  23  2:19  Refinery  
  23  2:20  Refinery  
  23  2:28  SCV  
  24  2:33  Orbital Command  
  24  2:40  Marine, SCV  
  24  2:43  Marine  
  27  2:52  SCV  
  27  2:55  Barracks Tech Lab  
  27  2:58  Marine, SCV  
  29  3:00  Marine  
  29  3:05  SCV  
  32  3:08  Supply Depot  
  32  3:11  SCV  
  33  3:14  Stimpack  
  33  3:20  Marine  
  33  3:21  Marine x2  
  33  3:22  SCV  
  33  3:23  SCV  
  38  3:28  Factory  
  39  3:34  SCV  
  39  3:37  Supply Depot  
  39  3:38  Marine x2  
  39  3:41  Marine  
  42  3:44  SCV  
  43  3:50  SCV  
  44  3:56  Marine, SCV  
  44  3:58  Marine  
  44  3:59  Marine  
  44  4:02  Supply Depot, Engineering Bay, Refinery, SCV  
  49  4:08  SCV  
  50  4:14  Marine  
  50  4:15  Starport  
  50  4:16  Factory Reactor  
  51  4:17  SCV  
  51  4:22  SCV  
  53  4:24  Supply Depot  
  53  4:25  Marauder  
  53  4:27  Marine  
  53  4:29  SCV  
  53  4:30  Terran Infantry Weapons Level 1  
  57  4:34  SCV  
  57  4:35  Marine  
  58  4:41  SCV  
  58  4:46  SCV  
  58  4:51  Missile Turret  
  58  4:53  SCV  
  58  4:57  Barracks Reactor, Missile Turret  
  58  4:58  Barracks Tech Lab, SCV  
  58  4:59  Marauder  
  62  5:02  Factory Reactor  
  62  5:05  Medivac x2  
  66  5:07  SCV  
  66  5:10  SCV  
  66  5:12  Supply Depot  
  68  5:15  Supply Depot  
  68  5:22  SCV  
  68  5:23  SCV  
  70  5:33  Marine x2  
  72  5:35  Medivac x2  
  72  5:39  Widow Mine x2  
  80  5:46  Marine x2  
  82  5:51  Marine  
  82  5:54  Command Center  
  82  5:56  Marine  
  84  6:04  Marine  
  85  6:05  Marine  
  85  6:06  Barracks  
  85  6:08  Barracks  
  85  6:09  Refinery  
  85  6:11  Supply Depot  
  86  6:22  Supply Depot  
  86  6:24  Terran Infantry Armor Level 1  
  86  6:27  Engineering Bay  
  86  6:29  Armory  
  86  6:32  Marine x3, SCV x2  
  93  6:33  Marauder  
  93  6:43  Medivac, Widow Mine  
  93  6:44  SCV x2  
  93  6:45  Supply Depot  
  99  6:50  Marine x2  
  101  6:55  Barracks Reactor  
  101  6:56  Barracks Tech Lab, SCV  
  102  7:01  Supply Depot  
  102  7:05  SCV  
  102  7:07  Marine, Marauder  
  102  7:08  Supply Depot, Medivac  
  106  7:09  Marine, SCV  
  106  7:10  Marine  
  106  7:13  Medivac  
  106  7:14  Marine, Combat Shields  
  106  7:15  Concussive Shells  
  114  7:25  Marine  
  114  7:27  Marine  
  109  7:42  Marine, Marauder  
  109  7:43  Widow Mine  
  109  7:44  Medivac x2, Widow Mine  
  99  7:45  Marine  
  99  7:48  Marine  
  99  7:49  Marine, Marauder x2  
  99  7:50  Orbital Command  
  114  8:02  Terran Infantry Weapons Level 2  
  114  8:04  SCV x2  
  116  8:08  Marine x4, Marauder  
  122  8:16  Marine, Marauder, SCV  
  122  8:18  Terran Infantry Armor Level 2  
  126  8:25  Marine, Widow Mine  
  126  8:26  Marine x2  
  133  8:35  Marine x3  
  133  8:36  Widow Mine  
  133  8:37  Marine  
  141  8:41  Supply Depot x2  
  141  8:42  Supply Depot  
  141  8:52  Ghost Academy  
  141  8:54  Barracks  
  137  8:55  Barracks  
  137  8:56  Barracks, Widow Mine  
  137  8:57  Marine  
  137  8:58  Marine x3  
  137  8:59  Marauder x2  
  147  9:06  Marauder  
  147  9:08  Supply Depot  
  149  9:10  SCV  
  149  9:11  Supply Depot, SCV x2  
  149  9:15  Marine  
  153  9:18  Marine x2  
  153  9:19  Marine x2  
  153  9:20  Marine  
  158  9:24  SCV x2  
  158  9:25  SCV  
  161  9:35  Refinery  
  161  9:36  Refinery  
  161  9:37  SCV  
  161  9:38  Starport, Fusion Core  
  162  9:40  SCV x2  
  163  9:49  SCV  
  163  9:50  Liberator x2  
  162  10:03  Marauder  
  162  10:06  Marine  
  162  10:07  Marine x3, Marauder  
  171  10:18  Terran Infantry Weapons Level 3  
  171  10:21  Barracks Tech Lab x2, Starport Tech Lab  
  171  10:22  Barracks Tech Lab  
  165  10:43  Advanced Ballistics  
  165  10:47  Liberator x2  
  165  10:48  Liberator  
  171  10:59  Terran Infantry Armor Level 3  
  171  11:00  Marine  
  171  11:01  Marine x3  
  171  11:03  Command Center  
  178  11:15  Marauder  
  178  11:16  Marauder x5  
  190  11:18  Marine  
  191  11:30  Liberator  
  191  11:31  Marine x3  
  180  11:35  Liberator  
  180  11:36  Marauder, Liberator  
  180  11:37  Marauder x5  
  178  11:50  Marine x4  
  175  11:58  Marine x5, Marauder  
  182  12:07  Marine  
  182  12:08  Marine x3  
  186  12:16  Marine x2, Marauder x2  
  186  12:18  Marauder  
  186  12:19  Marauder  
  196  12:25  Marine  
  196  12:26  Marine x3  
  200  12:46  Planetary Fortress  
  200  12:49  Liberator x2  
  200  12:51  Command Center  
  200  12:54  Terran Ship Weapons Level 1  
  194  13:23  Liberator  
  183  13:28  SCV  
  183  13:29  SCV x3  
  184  13:40  SCV  
  184  13:41  SCV x2  
  189  13:52  SCV x2  
  189  13:53  Starport, Ghost Academy, SCV x2  
  199  13:56  Starport, Barracks  
  188  14:04  SCV x2  
  188  14:05  SCV  
  185  14:23  Marauder  
  185  14:24  Marauder x2  
  194  14:26  Viking x2  
  185  14:41  Marauder  
  128  14:46  Viking  
  128  14:47  Viking x2  
  124  14:55  Marine, Marauder  
  124  14:56  Viking x2  
  124  14:57  Marine  
  119  15:01  Marine  
  119  15:02  Marine x4, Marauder, Widow Mine  
  120  15:16  Viking  
  120  15:17  Viking  
Show
View Real Time Build Order
Export as new Build Order

FoRaWhiteGuy Protoss - Winner!

Build Orders: 1 Gate Expand, Oracle Opening 

Get SALT Encoding   

  12  0:01  Probe (Chrono Boost)  
  13  0:11  Probe (Chrono Boost)  
  14  0:19  Pylon  
  14  0:22  Probe (Chrono Boost)  
  15  0:38  Gateway, Probe (Chrono Boost)  
  16  0:45  Assimilator  
  16  0:48  Probe (Chrono Boost)  
  17  0:59  Probe (Chrono Boost)  
  18  1:09  Probe (Chrono Boost)  
  19  1:20  Probe (Chrono Boost)  
  20  1:25  Nexus  
  20  1:38  Cybernetics Core  
  21  1:40  Probe (Chrono Boost)  
  21  1:48  Pylon  
  21  1:54  Assimilator  
  21  1:56  Probe (Chrono Boost)  
  22  2:06  Probe (Chrono Boost)  
  22  2:15  Adept, Warp Gate  
  24  2:18  Mothership Core (Chrono Boost)  
  26  2:37  Probe (Chrono Boost)  
  27  2:40  Probe (Chrono Boost)  
  27  2:43  Adept  
  30  2:47  Probe (Chrono Boost)  
  31  2:52  Stargate  
  31  2:54  Probe (Chrono Boost)  
  31  2:58  Probe (Chrono Boost)  
  33  3:04  Probe (Chrono Boost)  
  34  3:08  Probe (Chrono Boost)  
  35  3:15  Probe (Chrono Boost)  
  36  3:23  Nexus  
  36  3:26  Pylon, Probe (Chrono Boost)  
  37  3:28  Probe (Chrono Boost)  
  38  3:35  Oracle (Chrono Boost)  
  38  3:38  Probe x2  
  45  3:48  Adept, Probe  
  45  3:50  Probe  
  45  3:54  Pylon  
  47  3:59  Probe  
  47  4:02  Probe  
  49  4:09  Probe  
  49  4:11  Phoenix (Chrono Boost)  
  49  4:14  Gateway, Probe  
  53  4:17  Gateway  
  53  4:20  Probe  
  54  4:25  Assimilator  
  54  4:26  Probe  
  54  4:27  Assimilator  
  54  4:30  Twilight Council  
  55  4:36  Probe  
  56  4:42  Probe  
  56  4:43  Probe  
  56  4:45  Phoenix (Chrono Boost)  
  60  4:49  Probe  
  61  4:52  Probe  
  61  4:55  Probe  
  61  4:58  Forge  
  61  4:59  Probe  
  63  5:01  Robotics Facility  
  63  5:03  Probe  
  63  5:05  Sentry  
  63  5:06  Pylon  
  67  5:08  Probe  
  67  5:11  Probe  
  67  5:13  Probe  
  69  5:18  Phoenix (Chrono Boost)  
  69  5:19  Resonating Glaives  
  72  5:23  Probe  
  72  5:24  Probe  
  72  5:28  Pylon  
  74  5:31  Protoss Ground Weapons Level 1  
  74  5:33  Pylon  
  74  5:34  Probe x2  
  74  5:36  Pylon, Probe  
  74  5:41  Assimilator  
  77  5:43  Phoenix (Chrono Boost)  
  77  5:45  Probe x2  
  81  5:52  Adept x2, Sentry  
  87  6:01  Probe  
  87  6:02  Probe  
  86  6:07  Gateway  
  86  6:09  Probe  
  87  6:13  Robotics Bay  
  87  6:14  Pylon  
  87  6:16  Gateway, Probe  
  87  6:17  Probe  
  87  6:18  Gateway, Observer (Chrono Boost)  
  90  6:20  Probe  
  91  6:28  Probe, Assimilator  
  91  6:31  Photon Cannon x2  
  91  6:32  Pylon  
  92  6:33  Adept  
  92  6:36  Probe  
  92  6:38  Observer (Chrono Boost), Probe  
  97  6:43  Phoenix  
  97  6:45  Robotics Facility  
  99  6:49  Photon Cannon  
  99  6:57  Probe x2  
  99  6:59  Pylon  
  101  7:02  Colossus (Chrono Boost)  
  107  7:08  Extended Thermal Lance  
  107  7:10  Photon Cannon  
  107  7:11  Photon Cannon  
  107  7:20  Photon Cannon  
  107  7:24  Adept x4  
  111  7:47  Adept x6  
  111  7:49  Observer (Chrono Boost)  
  130  7:58  Colossus (Chrono Boost)  
  130  8:01  Protoss Ground Weapons Level 2 (Chrono Boost)  
  130  8:04  Forge  
  130  8:20  Nexus  
  130  8:22  Pylon  
  130  8:29  Blink  
  130  8:35  Pylon  
  130  8:37  Pylon x3  
  130  8:38  Pylon  
  130  8:39  Protoss Ground Armor Level 1 (Chrono Boost)  
  130  8:40  Colossus (Chrono Boost)  
  136  8:42  Stalker x2  
  140  8:49  Photon Cannon  
  146  8:57  Colossus (Chrono Boost), Templar Archives  
  146  9:01  Photon Cannon  
  146  9:08  Photon Cannon x2  
  146  9:15  Adept, Sentry  
  146  9:16  Adept  
  152  9:17  Zealot x2  
  152  9:22  Gateway  
  156  9:26  Stalker  
  156  9:27  Colossus  
  164  9:48  High Templar x2, Adept x3  
  164  9:52  Archon  
  174  10:04  Observer  
  174  10:05  Adept  
  175  10:22  Pylon  
  175  10:25  Protoss Ground Weapons Level 3 (Chrono Boost), Pylon  
  175  10:26  Pylon  
  175  10:28  Pylon  
  175  10:40  Immortal, Probe  
  180  10:43  Protoss Ground Armor Level 2 (Chrono Boost)  
  180  10:46  Nexus, Pylon  
  180  10:48  Gateway, Pylon, Assimilator  
  180  10:50  Pylon  
  180  10:51  Pylon  
  180  10:53  Gateway  
  180  10:55  Pylon  
  180  10:57  High Templar x2, Gateway, Pylon  
  180  10:58  High Templar x2, Adept  
  180  10:59  Adept x2  
  180  11:00  Pylon  
  180  11:01  Archon  
  180  11:02  Archon  
  194  11:06  Warp Prism  
  196  11:14  Assimilator  
  196  11:18  Photon Cannon  
  196  11:19  Stalker x2  
  196  11:20  Photon Cannon  
  196  11:21  Photon Cannon  
  172  12:00  Protoss Air Weapons Level 1  
  172  12:03  Stargate x2  
  172  12:06  Fleet Beacon  
  172  12:07  Photon Cannon  
  171  12:10  Charge, Photon Cannon  
  171  12:13  Adept x3  
  171  12:14  Adept  
  179  12:33  Nexus  
  179  12:35  Observer, Pylon  
  179  12:36  Stalker x5  
  179  12:37  Stalker, Pylon  
  192  12:42  Protoss Ground Armor Level 3 (Chrono Boost)  
  192  12:46  Protoss Shields Level 1 (Chrono Boost)  
  192  13:18  Adept x4  
  194  13:29  Tempest x3 (Chrono Boost)  
  194  13:31  Psionic Storm  
  194  13:32  High Templar x2  
  198  13:42  High Templar  
  200  14:01  Assimilator  
  200  14:08  Assimilator  
  196  14:25  High Templar x2  
  196  14:30  Photon Cannon  
  199  14:33  Photon Cannon  
  199  14:35  Photon Cannon x2  
  197  14:40  Archon x2  
  149  15:04  Tempest x3 (Chrono Boost)  
  149  15:05  Stalker x5  
  149  15:06  Adept x5  
Tags
 
Add a new tag
Caveats
  • Supply blocks, unpowered buildings, or Contaminate may cause inaccurate times.
  • Supply counts are checked every 10 seconds.